 Seeded DCSS version 0.28-a0-643-g84cb2ea78e (webtiles) character file.

Game seed: 13008754141345369978 (custom seed)

301 cheechan the Sneak (level 6, -2/43 HPs)
             Began as an Octopode Chaos Knight on Oct 10, 2021.
             Was a Plaything of Xom.
             Slain by timneilson's ghost (7 damage)
             ... on level 4 of the Dungeon.
             The game lasted 00:11:38 (2921 turns).

cheechan the Sneak (Octopode Chaos Knight)          Turns: 2921, Time: 00:11:39

Health: -2/43      AC:  1    Str: 11    XL:     6   Next: 37%
Magic:  0/6        EV: 14    Int: 14    God:    Xom [*.....]
Gold:   110        SH:  0    Dex: 14    Spells: 5/5 levels left

rFire   . . .      SeeInvis .   l - +5 rapier (freeze)
rCold   . . .      Faith    .   (no shield)
rNeg    . . .      Spirit   +   (helmet restricted)
rPois   .          Reflect  .   e - amulet of guardian spirit
rElec   .          Harm     .   (no ring)
rCorr   .          Rampage  .   (no ring)
Will    .....                   (no ring)
Stlth   +++++.....              (no ring)
HPRegen 0.14/turn               (no ring)
MPRegen 0.10/turn               (no ring)
                                (no ring)
                                (no ring)

@: no status effects
A: almost no armour, amphibious, 8 rings, camouflage 1, gelatinous body 1,
nimble swimmer 1, tentacles
a: Renounce Religion


You were on level 4 of the Dungeon.
You worshipped Xom.
You were a special plaything of Xom.
You visited 1 branch of the dungeon, and saw 4 of its levels.

You collected 110 gold pieces.

Inventory:

Hand Weapons
 a - a +0 short sword of chaos
 b - the +11 shortbow "Meuppu" {flame, *Corrode Int+7}
   (You acquired it on level 1 of the Dungeon)

   Any ammunition fired from it burns those it strikes, dealing additional fire
   damage.
   Int:       It affects your intelligence (+7).
   *Corrode:  It may corrode you when you take damage.
 l - a +5 rapier of freezing (weapon)
Missiles
 c - 8 boomerangs (quivered)
 d - 68 stones
 f - 22 arrows
 h - 33 sling bullets
Magical Staves
 g - a staff of death
Jewellery
 e - an amulet of guardian spirit (around mantle)
Scrolls
 i - 2 scrolls of teleportation
 k - a scroll of vulnerability
 m - a scroll of brand weapon
 n - a scroll of acquirement
 p - a scroll of blinking
Potions
 j - 2 potions of might {unknown}
 o - a potion of mutation {unknown}


   Skills:
 + Level 4.1 Fighting
 + Level 4.1 Short Blades
 + Level 2.3 Bows
 + Level 3.1 Dodging
 * Level 4.3 Stealth


You had 5 spell levels left.
You didn't know any spells.
Your spell library contained the following spells:

 Spells                   Type           Power      Damage    Failure   Level
 Gell's Gravitas          Tloc           0%         N/A       65%         3
 Ozocubu's Armour         Ice            0%         N/A       65%         3
 Teleport Other           Tloc           0%         N/A       65%         3
 Metabolic Englaciation   Hex/Ice        0%         N/A       100%        5
 Dispersal                Tloc           0%         N/A       100%        6
 Simulacrum               Ice/Necr       0%         N/A       100%        6


Dungeon Overview and Level Annotations

Branches:
Dungeon (4/15)
 Temple: D:4-7

Altars:
Elyvilon
Yredelemnul
Zin
The Shining One

Annotations:
D:4 timneilson's ghost, amateur DsFi


Innate Abilities, Weirdness & Mutations

You cannot wear most types of armour.
You are amphibious.
You can wear up to eight rings at the same time.
Your skin changes colour to match your surroundings (Stealth+).
Your rubbery body absorbs attacks. (AC +1, EV +1)
You are camouflaged near water. (Stealth+)
You have tentacles for arms and can constrict up to eight enemies at once.


Message History

The endoplasm quivers.
You hit the endoplasm. You freeze the endoplasm. You squeeze the endoplasm.
You kill the endoplasm!
Found a runed translucent door.
Found 22 gold pieces.
Timneilson's ghost turns its malevolent gaze towards you.
You open the door.
There is an open translucent door here.
Timneilson's ghost hits you.
You hit timneilson's ghost but do no damage.
Timneilson's ghost hits you.
You closely miss timneilson's ghost. Timneilson's ghost closely misses you.
You puncture timneilson's ghost! You freeze timneilson's ghost.
Timneilson's ghost is moderately damaged.
Timneilson's ghost hits you!
You hit timneilson's ghost. You freeze timneilson's ghost.
Timneilson's ghost is moderately damaged.
Timneilson's ghost barely misses you.
You barely miss timneilson's ghost.
Timneilson's ghost is moderately damaged.
Timneilson's ghost barely misses you.
You hit timneilson's ghost but do no damage.
Timneilson's ghost is moderately damaged.
Timneilson's ghost hits you!
You puncture timneilson's ghost! You freeze timneilson's ghost.
Timneilson's ghost is heavily damaged.
You are now a special plaything of Xom.
Timneilson's ghost completely misses you.
You hit timneilson's ghost. You freeze timneilson's ghost.
Timneilson's ghost is severely damaged.
Timneilson's ghost hits you!
* * * LOW HITPOINT WARNING * * *
You closely miss timneilson's ghost.
Timneilson's ghost is severely damaged.
Timneilson's ghost closely misses you.
You hit timneilson's ghost. You freeze timneilson's ghost.
Timneilson's ghost is severely damaged.
Timneilson's ghost hits you!
You die...
Xom snickers!

#.... #........##.##
#.# #.
#.##........###.###.##
#.##...........# ##.#.#
#..............## ##..#
####...#........## ##.#
#..............# #.#
#.#.###.####...####.#
#.... #.# ##'###...#
#..#. #.. #.@.##.###
#..#. #### #.W.##.# #.
#. #.≈.##.# ##########
#.≈.##.# #.........
#.$.#..# #.#####.##
....#####.####.......##
#...# #...........##.#.
#...# #...####....##.#.
#...# ##.## #.........


You could see timneilson's ghost.

Vanquished Creatures
  A necrophage (D:4)
  A scorpion (D:4)
  An iguana (D:4)
  A gnoll (D:1)
  7 adders
  3 worms
  An orc (D:4)
  4 endoplasms
  2 giant cockroaches
  6 goblins
  4 hobgoblins
  2 quokkas
  5 ball pythons
  2 bats
  A frilled lizard (D:2)
  5 kobolds
  5 rats
  A bush (D:1)
52 creatures vanquished.

Vanquished Creatures (others)
  9 plants
9 creatures vanquished.

Grand Total: 61 creatures vanquished

Notes
Turn   | Place    | Note
-------+----------+-------------------------------------------
     0 | D:1      | cheechan the Octopode Chaos Knight began the quest for the
                  | Orb.
     0 | D:1      | Reached XP level 1. HP: 16/16 MP: 1/1
    19 | D:1      | Identified a scroll of acquirement
    19 | D:1      | Acquired the +11 shortbow "Meuppu" {flame, *Corrode Int+7}
    39 | D:1      | XOM: silly message
   146 | D:1      | Reached XP level 2. HP: 13/21 MP: 2/2
   366 | D:1      | XOM: smoke on damage
   376 | D:1      | XOM: divination: detect items
   648 | D:2      | XOM: butterfly on damage
   650 | D:2      | XOM: silly message
   655 | D:2      | Reached XP level 3. HP: 9/26 MP: 3/3
   825 | D:2      | XOM: divination: detect creatures
   874 | D:2      | Reached skill level 1 in Stealth
   953 | D:2      | Reached XP level 4. HP: 33/33 MP: 4/4
  1083 | D:2      | XOM: noise
  1117 | D:2      | XOM: noise
  1122 | D:2      | XOM: 1-stop teleportation journey
  1214 | D:2      | Acquired a +4 rapier of venom
  1275 | D:2      | XOM is BORED!
  1280 | D:2      | XOM: noise
  1369 | D:3      | XOM: smoke on damage
  1371 | D:3      | Reached skill level 1 in Bows
  1651 | D:3      | XOM: silly message
  2158 | D:3      | XOM is BORED!
  2181 | D:3      | XOM: polymorph frilled lizard -> adder
  2405 | D:3      | Found a glowing silver altar of Zin.
  2406 | D:3      | Found a white marble altar of Elyvilon.
  2408 | D:3      | Found a glowing golden altar of the Shining One.
  2510 | D:4      | Found a basalt altar of Yredelemnul.
  2539 | D:4      | Noticed a scorpion
  2550 | D:4      | Killed a scorpion
  2551 | D:4      | Reached XP level 5. HP: 25/37 MP: 2/5
  2561 | D:4      | XOM: 2-stop teleportation journey
  2739 | D:4      | XOM: 2-stop teleportation journey
  2739 | D:4      | Noticed a necrophage
  2749 | D:4      | XOM: enchant monster (bad)
  2750 | D:4      | Killed a necrophage
  2751 | D:4      | Reached XP level 6. HP: 38/43 MP: 6/6
  2893 | D:4      | Found a runed translucent door.
  2906 | D:4      | Noticed timneilson's ghost (amateur DsFi)
  2921 | D:4      | Slain by timneilson's ghost

Illustrated notes

Levels and vault maps discovered:
D:1:      dpeg_arrival_three_smaller_balls, layout_basic, serial_forest,
          infiniplex_forest_clump_long, infiniplex_forest_clump_diagonal,
          infiniplex_forest_clump_C, infiniplex_forest_end_2,
          infiniplex_forest_clump_large, infiniplex_forest_clump_long,
          infiniplex_forest_end_1, ebering_ecumenical_altar_box
D:2:      layout_rooms
D:3:      layout_loops_corners, good_gods_temple_1
D:4:      black_bear_nest_2, layout_loops_cross, nicolae_overflow_crystal_walls,
          ebering_ghost_reflecting_pool, uniq_grinder

Skill      XL: |  1  2  3  4  5 |
---------------+----------------+-----
Stealth        | 1 3 4 |  4.3
Bows           | 2 |  2.3
Fighting       | 4 |  4.1
Dodging        | 3 |  3.1
Short Blades   | 4 |  4.1

Action                   |  1- 3 |  4- 6 || total
-------------------------+-------+-------++-------
Melee: Short sword       |   130 |       ||   130
       Constrict         |    12 |    15 ||    27
       Tentacles         |    35 |    10 ||    45
       Shortbow          |     3 |     2 ||     5
       Rapier            |       |    65 ||    65
 Fire: Shortbow          |    14 |     5 ||    19
  Use: Scroll            |     2 |     6 ||     8
 Stab: Sleeping          |     1 |     3 ||     4
Armor: Skin              |     1 |     1 ||     2
Dodge: Dodged            |    19 |    31 ||    50

Table legend: (Time is in decaauts)
 A = Elapsed time spent in this place.
 B = Non-inter-level travel time spent in this place.
 C = Inter-level travel time spent in this place.
 D = Time resting spent in this place.
 E = Time spent auto-exploring this place.
 F = Levels seen in this place.
 G = Mean time per level.
                   A        B        C        D        E       F      G
               +--------+--------+--------+--------+--------+-----+--------+
         Total |   2919 |   2919 |      0 |    846 |     15 |   4 |  729.8 |
       Dungeon |   2919 |   2919 |      0 |    846 |     15 |   4 |  729.8 |
               +--------+--------+--------+--------+--------+-----+--------+

Top non-repeatable levels by time:
     D:3: 1168 daAuts
     D:2: 738 daAuts
     D:1: 594 daAuts
     D:4: 416 daAuts
